 Dungeon Crawl Stone Soup version 0.29.1-1-gd02db6906a (webtiles) character file.

Game seed: 15109920239593707185

191 MisterFreud the Twirler (level 6, -1/46 HPs)
             Began as a Formicid Gladiator on Oct 10, 2022.
             Slain by Menkaure (13 damage)
             ... on level 4 of the Dungeon.
             The game lasted 00:02:56 (3596 turns).

MisterFreud the Twirler (Formicid Gladiator)        Turns: 3596, Time: 00:02:57

Health: -1/46      AC:  4    Str: 20    XL:     6   Next: 1%
Magic:  15/15      EV: 12    Int:  8    God:
Gold:   133        SH:  0    Dex: 15    Spells: 5/5 levels left

rFire   . . .      SeeInvis +   a - +1 quarterstaff
rCold   . . .      Faith    .   (no shield)
rNeg    . . .      Spirit   .   b - +1 leather armour
rPois   .          Reflect  .   (helmet unavailable)
rElec   .          Harm     .   (no cloak)
rCorr   .          Rampage  .   (no gloves)
Will    .....                   (no boots)
Stlth   +.........              (no amulet)
HPRegen 0.15/turn               h - ring of magical power
MPRegen 0.14/turn               (no ring)

@: no status effects
A: permanent stasis, dig shafts and tunnels, antennae 3, four strong arms
a: Dig, Shaft Self


You were on level 4 of the Dungeon.
You visited 1 branch of the dungeon, and saw 4 of its levels.

You collected 133 gold pieces.

Inventory:

Hand Weapons
 a - a +1 quarterstaff (weapon)
Missiles
 c - 3 throwing nets (quivered)
 d - a javelin
 g - 2 curare-tipped darts
 l - 3 poisoned darts
 n - 6 boomerangs
Armour
 b - a +1 leather armour (worn)
Jewellery
 h - a ring of magical power (left hand)
Wands
 r - a wand of digging (8)
Scrolls
 p - a scroll of fog {unknown}
 q - a scroll of amnesia {unknown}
Potions
 e - a potion of resistance
 f - a potion of haste
 i - a potion of curing
 j - a potion of attraction {unknown}
 k - a potion of magic
 m - a potion of brilliance
 o - a potion of ambrosia {unknown}
 s - a potion of heal wounds {unknown}


   Skills:
 + Level 2.5 Fighting
 - Level 6.0 Staves
 - Level 2.0 Throwing
 + Level 0.9 Armour
 - Level 2.6 Dodging


You had 5 spell levels left.
You didn't know any spells.
Your spell library contained the following spells:

 Spells                   Type           Power      Damage    Failure   Level
 Dazzling Flash           Conj/Hex       0%         N/A       83%         3
 Tukima's Dance           Hex            0%         N/A       83%         3
 Iskenderun's Mystic Bla  Conj/Tloc      0%         2d3       99%         4
 Passage of Golubria      Tloc           0%         N/A       99%         4
 Yara's Violent Unravell  Hex/Tmut       0%         3d3       100%        5
 Starburst                Conj/Fire      0%         6d3       100%        6


Dungeon Overview and Level Annotations

Branches:
Dungeon (4/15)
 Temple: D:4-7

Altars:
Makhleb

Shops:
D:1 [

Annotations:
D:4 Menkaure


Innate Abilities, Weirdness & Mutations

You cannot be hasted, slowed, berserked, paralysed or teleported.
You can dig through walls and to a lower floor.
You have a pair of large antennae on your head. (SInv)
Your four strong arms can wield two-handed weapons with a shield.


Message History

A ball python comes into view.
The ball python hisses angrily.
A ball python is nearby!
You closely miss the ball python. The ball python barely misses you.
The ball python grabs you. The ball python constricts you.
You sock the ball python!
You kill the ball python!
You have reached level 6!
You open the door.
There is an open door here.
An orc comes into view. It is wielding a +0 trident.
The orc shouts!
An orc is nearby!
An orc is nearby!
The orc hits you with a +0 trident.
An orc is nearby!
You closely miss the orc. The orc closely misses you.
Menkaure, Prince of Dust comes into view.
There are monsters nearby!
Menkaure shouts!
You sock the orc!
You kill the orc!
Menkaure is nearby!
Found a mace.
Things that are here:
a +0 trident; a +0 leather armour You barely miss Menkaure.
Menkaure hits you!!
You sock Menkaure!
Menkaure is moderately damaged.
You barely miss Menkaure.
Menkaure is moderately damaged.
Menkaure hits you!
* * * LOW HITPOINT WARNING * * *
You barely miss Menkaure.
Menkaure is moderately damaged.
Menkaure hits you.
* * * LOW HITPOINT WARNING * * *
Are you sure you want to shaft yourself?
Menkaure hits you!
You die...

########################
..)...M@.)..............
..####...###############
#...# #...# #...# #...#
#...# #...#


You could see Menkaure.

Vanquished Creatures
  A hound (D:4)
  Natasha (twice) (D:2)
  4 adders
  2 worms
  4 dart slugs
  3 orcs
  2 endoplasms (D:3)
  A giant cockroach (D:3)
  7 goblins
  7 hobgoblins
  4 jackals (D:1)
  2 kobolds
  2 quokkas
  6 ball pythons
  6 bats
  A frilled lizard (D:3)
  6 rats
60 creatures vanquished.

Notes
Turn   | Place    | Note
-------+----------+-------------------------------------------
     0 | D:1      | MisterFreud the Formicid Gladiator began the quest for the
                  | Orb.
     0 | D:1      | Reached XP level 1. HP: 16/16 MP: 1/1
   241 | D:1      | Reached XP level 2. HP: 19/22 MP: 2/2
   463 | D:1      | Found a faded altar of an unknown god.
   643 | D:1      | Reached skill level 4 in Staves
   643 | D:1      | Reached XP level 3. HP: 24/27 MP: 3/3
   824 | D:1      | Found Syavorghi's Antique Armour Shoppe.
  1274 | D:2      | Reached XP level 4. HP: 21/33 MP: 4/4
  1662 | D:2      | You fall into a shaft and drop 2 floors!
  1831 | D:4      | Reached skill level 5 in Staves
  1970 | D:3      | Reached XP level 5. HP: 38/38 MP: 5/5
  2251 | D:2      | Noticed Natasha
  2264 | D:2      | Killed Natasha
  2289 | D:2      | Noticed Natasha
  2301 | D:2      | Killed Natasha
  2550 | D:3      | Reached skill level 6 in Staves
  2867 | D:3      | Identified the +4 whip of Infinite Pain {vorpal, *Slow
                  | Will+ Str+5}
  3042 | D:3      | Found a burning altar of Makhleb.
  3565 | D:4      | Reached XP level 6. HP: 46/46 MP: 6/6
  3587 | D:4      | Noticed Menkaure
  3596 | D:4      | Slain by Menkaure

Illustrated notes

Levels and vault maps discovered:
D:1:      enne_arrival_octagon_isle, layout_basic, basic_ecumenical_altar,
          serial_shops, shop_statue
D:2:      layout_rooms, roderic_roman_lattice, minmay_ruptured, uniq_natasha
D:3:      layout_basic, mainiacjoe_overflow_brackets
D:4:      layout_basic, lemuel_round_altar, uniq_menkaure

Skill      XL: |  1  2  3  4  5 |
---------------+----------------+-----
Staves         | 4 5 6 |  6.0
Fighting       | |  2.5
Throwing       | |  2.0
Armour         | |  0.9
Dodging        | |  2.6

Action                   |  1- 3 |  4- 6 || total
-------------------------+-------+-------++-------
Melee: Quarterstaff      |    71 |   101 ||   172
       Punch             |     1 |       ||     1
 Abil: Shaft Self        |       |     2 ||     2
  Use: Scroll            |     4 |     8 ||    12
 Stab: Sleeping          |       |     1 ||     1
Armor: Leather armour    |    20 |    22 ||    42
Dodge: Dodged            |    57 |    57 ||   114
